 Dungeon Crawl Stone Soup version 0.29-a0-40-g8eb35efe60 (webtiles) character file.

Game seed: 17357624287511046861

284 murtidash the Magician (level 6, -14/40 HPs)
             Began as a Djinni Venom Mage on Feb 1, 2022.
             Killed from afar by an acid dragon (29 damage)
             ... with a splash of acid
             ... on level 3 of the Dungeon.
             The game lasted 00:08:41 (5720 turns).

murtidash the Magician (Djinni Venom Mage)          Turns: 5720, Time: 00:08:42

Health: -14/40     AC:  2    Str:  7    XL:     6   Next: 55%
Gold:   129        EV: 12    Int: 18    God:
                   SH:  0    Dex: 14

rFire   + + .      SeeInvis .   (no weapon)
rCold   x . .      Faith    .   (no shield)
rNeg    . . .      Spirit   .   a - +0 robe
rPois   ∞          Reflect  .   (no helmet)
rElec   .          Harm     .   (no cloak)
rCorr   .          Rampage  .   (no gloves)
Will    +....                   (boots unavailable)
Stlth   ++........              (no amulet)
HPRegen 0.13/turn               c - ring of willpower
MPRegen 0.00/turn               (no ring)

@: flying
A: sickness immunity, fire resistance 2, cold vulnerability 1, float, innate
caster, HP casting, extra vitality 1
a: no special abilities


You were on level 3 of the Dungeon.
You visited 1 branch of the dungeon, and saw 4 of its levels.

You collected 129 gold pieces.

Inventory:

Missiles
 i - 14 stones (quivered)
Armour
 a - a +0 robe (worn)
 e - a +0 buckler
   (You found it on level 2 of the Dungeon)
Jewellery
 c - a ring of willpower (left hand)
   (You found it on level 2 of the Dungeon)
Scrolls
 b - a scroll of amnesia {unknown}
 f - 5 scrolls of fog {unknown}
 g - 2 scrolls of teleportation {unknown}
 h - a scroll of identify {unknown}


   Skills:
 - Level 2.1 Dodging
 - Level 1.5 Stealth
 + Level 5.3 Spellcasting


You had 2 spell levels left.
You knew the following spells:

 Your Spells              Type           Power      Damage    Failure   Level
a - Sting                 Tmut/Pois      92%        1d7       1%          1
b - Poisonous Vapours     Pois/Air       46%        N/A       2%          2
x - Mephitic Cloud        Conj/Pois/Air  23%        N/A       4%          3
U - Olgreb's Toxic Radia  Pois           23%        N/A       14%         4
X - Corpse Rot            Necr/Air       46%        N/A       2%          2
Z - Sandblast             Erth           46%        2d11      1%          1
Your spell library was empty.

Dungeon Overview and Level Annotations

Branches:
Dungeon (4/15)
 Temple: D:4-7

Altars:
Elyvilon
Nemelex Xobeh
Ru
Sif Muna

Shops:
D:1 [


Innate Abilities, Weirdness & Mutations

You are immune to sickness and miasma.
You are immune to poison.
Your flesh is very heat resistant. (rF++)
You are vulnerable to cold. (rC-)
You float through the air rather than walking.
You learn spells naturally, not from books.
Your magical power is your life essence.
You have superior vitality. (+4 MHP)


Message History

You kill the jackal!
There is a stone staircase leading up here.
You fly upwards.
There is a stone staircase leading down here.
Done exploring.
Health restored: 40 You fly downwards.
There is a stone staircase leading up here.
You can't see any susceptible monsters within range! (Use Z to cast anyway.)
Here: an acid dragon The floor.
Unknown command.
Okay, then.
Unknown command.
Unknown command.
Okay, then.
Unknown command.
The acid dragon spits acid at you. The splash of acid hits you!!
Ouch! That really hurt!
You take 25 damage, and have 15/40 hp.
MASSIVE DAMAGE!!
There is a stone staircase leading up here.
You fly upwards.
There is a stone staircase leading down here.
Done exploring.
Health restored: 40
There is a stone staircase leading down here.
You fly downwards.
There is a stone staircase leading up here.
You can't see any susceptible monsters within range! (Use Z to cast anyway.)
Aim: a jackal (wandering, hasn't noticed you) Poisonous vapours surround the jackal!
The jackal is poisoned.
The jackal barks!
You take 2 damage, and have 38/40 hp.
Aim: a jackal (poisoned) Poisonous vapours surround the jackal!
The jackal looks even sicker.
You take 2 damage, and have 36/40 hp.
Aim: a jackal (very poisoned, 70% to hit)
The sting hits the jackal.
The jackal looks as sick as possible!
The jackal bites you.
You take 3 damage, and have 33/40 hp.
Aim: a jackal (severely wounded, extremely poisoned, 70% to hit)
The sting hits the jackal!
The jackal looks as sick as possible!
You kill the jackal!
You take 1 damage, and have 32/40 hp.
You can't see any susceptible monsters within range! (Use Z to cast anyway.)
You fly upwards.
There is a stone staircase leading down here.
Done exploring.
Health restored: 40 You reach down and open the door.
There is an open door here.
There is an open door here.
There is a stone staircase leading down here.
You fly downwards.
There is a stone staircase leading up here.
The acid dragon spits acid at you. The splash of acid hits you!!
Ouch! That really hurt!
You take 23 damage, and have 17/40 hp.
MASSIVE DAMAGE!!
There is a stone staircase leading up here.
The acid dragon spits acid at you. The splash of acid hits you!
* * * LOW HITPOINT WARNING * * *
You fly upwards.
There is a stone staircase leading down here.
You take 15 damage, and have 2/40 hp.
MASSIVE DAMAGE!!
Done exploring.
Health restored: 40
There is an open door here.
There is an open door here.
There is a stone staircase leading down here.
You fly downwards.
The acid dragon spits acid at you. The splash of acid hits you!
The acid dragon barely misses you. The acid dragon claws you.
There is a stone staircase leading up here.
You take 17 damage, and have 23/40 hp.
MASSIVE DAMAGE!!
The acid dragon bites you!
* * * LOW HITPOINT WARNING * * *
The acid dragon claws you.
* * * LOW HITPOINT WARNING * * *
You fly upwards.
There is a stone staircase leading down here.
You take 15 damage, and have 8/40 hp.
MASSIVE DAMAGE!!
It was a potion of curing.
You feel better. The acid dragon misses you.
The acid dragon closely misses you.
You regained 6 hp, and now have 14/40 hp.
You aren't carrying any potions.
As you read the scroll labelled HUHYUTHR YLOY, it crumbles to dust.
It is a scroll of enchant weapon.
You aren't carrying any weapons that can be enchanted.
The acid dragon closely misses you. The acid dragon completely misses you.
As you read the scroll labelled HURPHU RUPPUE, it crumbles to dust.
It is a scroll of brand weapon.
You aren't carrying any weapons that can be branded.
The acid dragon spits acid at you. The splash of acid hits you!!
Ouch! That really hurt!
You die...

##...###..###............####.##
#..## #..# ##...........####.##
#.## ##..## ##.....#.###.....##
#.####....####.#'###.##........
#..##..##..##.....##.##........
#....................##........
########.......##.##.###'######
#######.#...#.# #.....##
#@#.#.#.######....
#D..#.#...........
###.#.............
#.##............
#.##............
#.[..<..........
##.........(.... #.##.#.####....
##.#....# #....


You could see an acid dragon (catching breath).

Vanquished Creatures
  Grinder (D:3)
  3 adders (D:3)
  3 worms
  2 dart slugs
  10 ball pythons
  4 endoplasms
  3 giant cockroaches
  5 goblins
  3 hobgoblins (D:1)
  14 jackals
  4 kobolds
  2 quokkas
  5 bats
  2 frilled lizards
  5 rats
66 creatures vanquished.

Vanquished Creatures (others)
  A butterfly (D:3)
1 creature vanquished.

Grand Total: 67 creatures vanquished

Notes
Turn   | Place    | Note
-------+----------+-------------------------------------------
     0 | D:1      | murtidash the Djinni Venom Mage began the quest for the
                  | Orb.
     0 | D:1      | Reached XP level 1. HP: 15/15 MP: 0/0
   182 | D:1      | Reached XP level 2. HP: 18/21 MP: 0/0
   402 | D:1      | Reached skill level 3 in Spellcasting
   404 | D:1      | HP: 3/21 [giant cockroach (1)]
   800 | D:1      | Found Molintol's Antique Armour Shop.
   847 | D:1      | Reached XP level 3. HP: 22/25 MP: 0/0
   847 | D:1      | Learned a level 1 spell: Sandblast
  1941 | D:2      | Reached XP level 4. HP: 17/31 MP: 0/0
  3305 | D:3      | Noticed Grinder
  3313 | D:3      | Found a sparkling altar of Nemelex Xobeh.
  3418 | D:3      | Reached skill level 4 in Spellcasting
  3629 | D:3      | Paralysed by Grinder for 2 turns
  3631 | D:3      | HP: 6/31 [Grinder (4)]
  3633 | D:3      | Killed Grinder
  3634 | D:3      | Reached skill level 5 in Spellcasting
  3634 | D:3      | Reached XP level 5. HP: 5/35 MP: 0/0
  3634 | D:3      | Learned a level 2 spell: Corpse Rot
  3634 | D:3      | Reached XP level 6. HP: 6/40 MP: 0/0
  3973 | D:3      | Found a sacrificial altar of Ru.
  4252 | D:3      | Found a white marble altar of Elyvilon.
  4511 | D:3      | Found a faded altar of an unknown god.
  4750 | D:4      | Noticed an acid dragon
  4832 | D:4      | HP: 8/40 [acid dragon/splash of acid (24)]
  5391 | D:4      | HP: 2/40 [acid dragon/splash of acid (16)]
  5716 | D:4      | HP: 8/40 [acid dragon (1)]
  5720 | D:3      | Killed from afar by an acid dragon

Illustrated notes

Levels and vault maps discovered:
D:1:      co_arrival_square_in_a_square_in_a_square, layout_rooms, serial_shops,
          nicolae_shop_waterfront, minmay_pentomino_v2
D:2:      layout_loops_ring, basic_altar
D:3:      layout_basic, nicolae_elyvilon_peaceful_grove, lemuel_crystal_altar,
          lemuel_doored_altar, shapermc_ecumenical_altar_totnotflames,
          dk_noncrumbling_3, palyth_stone_intersect, uniq_grinder
D:4:      layout_gridville

Skill      XL: |  1  2  3  4 |
---------------+-------------+-----
Spellcasting   | 3 5 |  5.3
Dodging        | |  2.1
Stealth        | |  1.5

Action                   |  1- 3 |  4- 6 || total
-------------------------+-------+-------++-------
Melee: Unarmed           |     2 |       ||     2
 Cast: Sting             |    72 |    39 ||   111
       Poisonous Vapours |     6 |    61 ||    67
       Sandblast         |       |    10 ||    10
  Use: Scroll            |       |     2 ||     2
       Potion            |       |     1 ||     1
Armor: Robe              |     9 |     1 ||    10
Dodge: Dodged            |    20 |    26 ||    46

Table legend: (Time is in decaauts)
 A = Elapsed time spent in this place.
 B = Non-inter-level travel time spent in this place.
 C = Inter-level travel time spent in this place.
 D = Time resting spent in this place.
 E = Time spent auto-exploring this place.
 F = Levels seen in this place.
 G = Mean time per level.
                   A        B        C        D        E       F      G
               +--------+--------+--------+--------+--------+-----+--------+
         Total |   5725 |   5562 |    163 |     27 |   5041 |   4 | 1431.2 |
       Dungeon |   5725 |   5562 |    163 |     27 |   5041 |   4 | 1431.2 |
               +--------+--------+--------+--------+--------+-----+--------+

Top non-repeatable levels by time:
     D:3: 2248 daAuts
     D:2: 1764 daAuts
     D:1: 1630 daAuts
     D:4: 82 daAuts

Table legend:
 A = Kills in this place as a percentage of kills in entire the game.
 B = Kills by you in this place as a percentage of kills by you in the entire game.
 C = Kills by friends in this place as a percentage of kills by friends in the entire game.
 D = Other kills in this place as a percentage of other kills in the entire game.
 E = Experience gained in this place as a percentage of experience gained in the entire game.
 F = Experience gained in this place divided by the number of levels of this place that you have seen.
                   A       B       C       D       E      F
               +-------+-------+-------+-------+-------+----------------------
         Total | 100.0 | 100.0 |   N/A |   N/A | 100.0 | 101.8
       Dungeon | 100.0 | 100.0 |   N/A |   N/A | 100.0 | 101.8
               +-------+-------+-------+-------+-------+----------------------
